 Dungeon Crawl Stone Soup version 0.30-b1-2-g02819fbbbe (webtiles) character file.

Game seed: 124363115404641842

150 Flugkiller the Trooper (level 5, -2/47 HPs)
             Began as a Minotaur Fighter on May 8, 2023.
             Succumbed to a gnoll's poison
             ... on level 3 of the Dungeon.
             The game lasted 00:00:48 (2235 turns).

Flugkiller the Trooper (Minotaur Fighter)           Turns: 2235, Time: 00:00:48

Health: -2/47      AC:  7    Str: 23    XL:     5   Next: 10%
Magic:  4/4        EV:  9    Int:  5    God:
Gold:   185        SH:  4    Dex:  9    Spells: 4/4 levels left

rFire   . . .        a - +0 war axe
rCold   . . .        c - +0 buckler
rNeg    . . .        b - +0 scale mail
rPois   .            (helmet restricted)
rElec   .            (no cloak)
rCorr   .            (no gloves)
SInv    .            (no boots)
Will    +....        (no amulet) Stlth
                     m - ring of willpower
HPRegen 0.27/turn    (no ring)
MPRegen 0.09/turn

%: no passive effects
@: lethally poisoned (-2 -> -29)
A: horns 2, retaliatory headbutt
a: no special abilities


You were on level 3 of the Dungeon.
You visited 1 branch of the dungeon, and saw 3 of its levels.

You collected 185 gold pieces.

Inventory:

Hand Weapons
 a - a +0 war axe (weapon)
Armour
 b - a +0 scale mail (worn)
 c - a +0 buckler (worn)
Jewellery
 j - a +4 ring of slaying
   (You took it off an orc on level 3 of the Dungeon)
 k - a ring of magical power
   (You found it on level 2 of the Dungeon)
 m - a ring of willpower (left hand)
   (You found it on level 1 of the Dungeon)
Scrolls
 f - a scroll of silence {unknown}
 g - 3 scrolls of identify {unknown}
 h - a scroll of magic mapping {unknown}
 i - 3 scrolls of teleportation {unknown}
 l - a scroll of vulnerability {unknown}
Potions
 d - a potion of might
 e - 2 potions of berserk rage {unknown}
 n - a potion of curing {unknown}
 o - a potion of attraction {unknown}
 p - a potion of lignification {unknown}


   Skills:
 * Level 4.9 Fighting
 * Level 3.9 Axes
 * Level 4.8 Armour
 + Level 4.2 Shields


You had 4 spell levels left.
You didn't know any spells.
Your spell library was empty.

Dungeon Overview and Level Annotations

Branches:
Dungeon (3/15)

Altars:


Innate Abilities, Weirdness & Mutations

You have a pair of horns on your head.
You reflexively headbutt those who attack you in melee.


Message History

The kobold shouts!
You hear a shout!
There are monsters nearby!
A rat comes into view.
The bat barely misses you. You furiously retaliate!
You headbutt the bat.
You kill the bat!
You barely miss the kobold. Your headbutt misses the kobold.
The kobold hits you with a +0 whip.
You closely miss the kobold. Your headbutt misses the kobold.
The kobold closely misses you.
A goblin comes into view. It is wielding a +0 club.
You barely miss the kobold. The kobold hits you but does no damage.
The kobold hits you with a +0 whip. The rat barely misses you.
You closely miss the rat. You headbutt the rat.
You kill the rat!
You barely miss the kobold. The kobold hits you but does no damage.
You barely miss the kobold. The kobold barely misses you.
You barely miss the kobold. You headbutt the kobold.
The kobold is moderately wounded.
You slash the goblin!
You kill the goblin!
The kobold hits you but does no damage. You block the kobold's attack.
You slash the kobold!
You kill the kobold!
Things that are here:
a +0 club; a goblin corpse
n - a sedimented inky potion No target in view!
o - an orange potion No target in view!
p - a fizzy coppery potion
Found a robe.
No target in view!
No target in view!
No target in view!
A gnoll comes into view. It is wielding a +0 whip.
The gnoll shouts!
A gnoll is nearby!
A gnoll is nearby!
A gnoll is nearby! 2 gnolls come into view.
A gnoll is wielding a +1 spear of venom.
The gnoll shouts! x2
The gnoll throws a throwing net.
The throwing net hits you.
You become entangled in the net!
A gnoll comes into view. It is wielding a +0 whip.
You see here a throwing net.
You struggle against the net.
The gnoll shouts!
You struggle against the net.
You shred the net and break free!
A rat comes into view.
You closely miss the gnoll. You headbutt the gnoll!
The gnoll is heavily wounded.
You block the gnoll's attack.
A bat comes into view.
You barely miss the gnoll.
The gnoll is heavily wounded.
The gnoll hits you but does no damage.
The gnoll hits you from afar with a +0 spear.
The gnoll hits you but does no damage. x2
You closely miss the gnoll.
The gnoll is heavily wounded.
The gnoll closely misses you. x2
You slash the gnoll!
You kill the gnoll!
The gnoll hits you from afar with a +0 spear.
You have reached level 5!
The rat twitches its whiskers.
The gnoll hits you but does no damage.
You are poisoned.
The gnoll misses you. You furiously retaliate!
You headbutt the gnoll.
You see here a +0 whip.
You hit the gnoll but do no damage.
The gnoll is heavily wounded.
You feel very sick. The gnoll hits you but does no damage.
You are more poisoned.
The gnoll hits you but does no damage. The gnoll hits you with a +0 spear.
The gnoll hits you from afar with a +1 spear of venom.
You are more poisoned.
You barely miss the gnoll.
The gnoll is heavily wounded.
You feel extremely sick. You block the gnoll's attack.
The gnoll hits you with a +0 spear.
You closely miss the gnoll. Your headbutt misses the gnoll.
The gnoll is heavily wounded.
You feel very sick.
The gnoll hits you from afar with a +1 spear of venom.
* * * LOW HITPOINT WARNING * * *
You are lethally poisoned!
The gnoll barely misses you.
You slash the gnoll!
You kill the gnoll!
* * * LOW HITPOINT WARNING * * *
You feel very sick.
The gnoll hits you from afar with a +1 spear of venom.
* * * LOW HITPOINT WARNING * * *
You are more poisoned.
You are too injured to fight recklessly!
You die...

#####
#############b.....
..........)@gg....#
##.###.#####r.....
####.###.......###.#
.........#####.#
########.#####[#
#........ #.#####.#
#........ #........
#


You could see 2 gnolls, a bat and a rat.

Vanquished Creatures
  5 gnolls (D:3)
  4 adders
  A dart slug (D:1)
  8 orcs (D:3)
  2 endoplasms
  2 giant cockroaches (D:3)
  5 goblins
  5 hobgoblins (D:1)
  4 jackals (D:1)
  2 quokkas (D:1)
  2 ball pythons (D:3)
  5 bats
  3 frilled lizards
  6 kobolds
  2 rats
56 creatures vanquished.

Notes
Turn   | Place    | Note
-------+----------+-------------------------------------------
     0 | D:1      | Flugkiller the Minotaur Fighter began the quest for the
                  | Orb.
     0 | D:1      | Reached XP level 1. HP: 19/19 MP: 0/0
    94 | D:1      | Reached XP level 2. HP: 27/27 MP: 1/1
   837 | D:2      | Reached XP level 3. HP: 33/33 MP: 2/2
  1199 | D:2      | Identified the +10 sling of Paper {freeze, rF+}
  1628 | D:3      | Reached XP level 4. HP: 33/41 MP: 3/3
  2230 | D:3      | Reached XP level 5. HP: 39/47 MP: 4/4
  2235 | D:3      | Succumbed to a gnoll's poison

Illustrated notes

Levels and vault maps discovered:
D:1:      lemuel_arrival_behind_the_door_small, layout_basic
D:2:      layout_basic, minmay_misc_feat_x
D:3:      layout_loops_ring, chequers_serial_rivers_micro_e

Skill      XL: |  1  2  3 |
---------------+----------+-----
Armour         | 4 |  4.8
Fighting       | 4 |  4.9
Axes           | 3 |  3.9
Shields        | 4 |  4.2

Action                     |  1- 3 |  4- 6 || total
---------------------------+-------+-------++-------
  Melee: War axe           |    70 |    51 ||   121
         Headbutt          |     6 |     9 ||    15
 Armour: Scale mail        |    37 |    15 ||    52
  Dodge: Dodged            |    37 |    27 ||    64
  Block: Buckler           |    13 |     7 ||    20
